 Dungeon Sprint DCSS version 0.19.1 (webtiles) character file.

18265 dvd the Peltast (level 12, -43/124 HPs)
             Began as a Minotaur Fighter on Dec 23, 2016.
             Was a High Priest of Okawaru.
             Killed from afar by Lom Lobon (56 damage)
             ... with a great icy blast
             ... in the Dungeon (Sprint I: "Red Sonja").
             The game lasted 00:25:56 (2927 turns).

dvd the Peltast (Minotaur Fighter)                  Turns: 2927, Time: 00:25:57

Health: -43/124    AC: 34    Str: 31    XL:     12   Next: 26%
Magic:  24/25      EV: 17    Int: 10    God:    Okawaru [*****.]
Gold:   23         SH: 26    Dex: 14    Spells: 0 memorised, 11 levels left

rFire  + . .     SeeInvis +     a - +3 trident (pierce)
rCold  . . .     Gourm    .     s - +4 plate armour {rF+}
rNeg   + . .     Faith    .     r - +0 large shield {rN+}
rPois  +         Spirit   .     b - +3 hat of Pondering {ponderous, MR+ MP+10 Int+5}
rElec  .         Reflect  .     f - +2 cloak {MR+}
rCorr  .         Harm     .     u - +0 pair of gloves {archery}
MR     ++...     Rnd*Rage +     n - +0 pair of boots
Stlth  .......... NoTele   +    v - amulet of Monnouff {Regen+ Dex+4}
                                (no ring)
                                o - ring of see invisible

@: mighty, heroism, frozen, flying (expiring), very slightly contaminated, very
slow
A: retaliatory headbutt, horns 2, talons 1, berserk 1, blurry vision 1, poison
resistance, MP-powered wands
a: Heroism, Finesse, Renounce Religion


You were in the Dungeon.
You worshipped Okawaru.
Okawaru was extremely pleased with you.
You were hungry.

You visited 1 branch You collected 2017 gold pieces.
You spent 1994 gold pieces at shops.

Inventory:

Hand Weapons
 a - a +3 trident of piercing (weapon)
 p - a +1 glaive of freezing
 q - a +2 vampiric glaive
Armour
 b - the +3 hat of Pondering (worn) {ponderous, MR+ MP+10 Int+5}
   (You bought it in a shop in the Dungeon)

   It affects your intelligence (+5).
   It affects your resistance to hostile enchantments.
   It affects your magic capacity (+10).
 c - a +0 shield
 f - a +2 cloak of magic resistance (worn)
 l - a +3 chain mail of cold resistance
 n - a +0 pair of boots (worn)
 r - a +0 large shield of positive energy (worn)
 s - a +4 plate armour of fire resistance (worn)
 t - the +0 robe of Peek-a-Boo {rN+ SInv Stlth-, unknown}
   (You found it in the Dungeon)

   It protects you from negative energy.
   It lets you see invisible.
   It makes you less stealthy.
 u - a +0 pair of gloves of archery (worn)
Jewellery
 o - a ring of see invisible (left hand)
 v - the amulet of Monnouff (around neck) {Regen+ Dex+4}
   (You bought it in a shop in the Dungeon)

   [amulet of regeneration]

   It affects your dexterity (+4).
   It increases your rate of regeneration.
Wands
 m - a wand of disintegration (0/24)
Scrolls
 j - 2 scrolls of identify
 k - a scroll of blinking
Potions
 e - 4 potions of curing
 i - 2 potions of magic
Comestibles
 w - a bread ration
 x - a meat ration


   Skills:
 + Level 16.4(21.4) Fighting
 + Level 17.7(22.7) Polearms
 + Level 15.4(20.4) Armour
 + Level 9.5(14.5) Dodging
 + Level 2.9(7.9) Stealth
 + Level 18.9(23.9) Shields
 + Level 6.2 Invocations
 + Level 1.8 Evocations


You had 11 spell levels left.
You didn't know any spells.

Dungeon Overview and Level Annotations

Branches:
Dungeon (1/1)

Altars:
Cheibriados
Dithmenos
Elyvilon
Fedhas
Gozag
Hepliaklqana
Kikubaaqudgha
Makhleb
Nemelex Xobeh
Okawaru
Qazlal
Ru
Sif Muna
Trog
Uskayaw
Vehumet
Xom
Yredelemnul
Zin
The Shining One
Jiyva
Lugonu

Shops:
D *(*=(*[=[(!**%[*=?*[(

Annotations:
D Lom Lobon


Innate Abilities, Weirdness & Mutations

You reflexively headbutt those who attack you in melee.
You have a pair of horns on your head.
You have sharp toenails.
You tend to lose your temper in combat.
Scrolls take you a little longer to read.
Your system is resistant to poisons. (rPois)
You expend magic power (3 MP) to strengthen your wands.


Message History

Press: ? - help, Dir - move target cursor, f/p - Lom Lobon
Aim: Lom Lobon (lightly wounded, surrounded by raging winds)
You reach to attack!
You closely miss Lom Lobon.
Lom Lobon is lightly wounded.
Lom Lobon gestures at you.
Lom Lobon conjures a mighty blast of ice!
The great icy blast engulfs you!
Ouch! That really hurt!
* * * LOW HITPOINT WARNING * * *
You are encased in ice.
Really walk into that cloud of raging winds?
You are engulfed in raging winds.
The vortex of raging winds lifts you up.
You fly up into the air.
* * * LOW HITPOINT WARNING * * *
The winds around Lom Lobon start to calm down.
Lom Lobon gestures at you.
Lom Lobon conjures a mighty blast of ice!
The great icy blast engulfs you!
You die...

#################################
.#..)..#..'§§#§§#§§§...#.)#§§§.+§
.'..#..').#§§§§§@&§#...##'#§####§
.#####'#####§#§§####...'..#§# ##
.####..#.).#.####§.#####..'.# #$#
.#__####..##.#≈≈§§§#..##)####..$#
.#_____##'#..§§§≈.§§..#.§§^.#..$#
⌠#_.∩...'..._#§§§§§#§.#.§§§.+§.$$
##_..__##_(#'##§#####§###§§.#
#_____###(#.#((..###.'.#§§.#
##########.####'###.###.#..##


You could see Lom Lobon.

Vanquished Creatures
  A lorocyproca (D)
  A deep elf annihilator (D)
  A mummy priest (D)
  A hydra (D)
  2 centaur warriors (D)
  Sonja (D)
  2 unseen horrors (D)
  A deep troll (D)
  A lindwurm (D)
  2 oklob plants (D)
  8 shining eyes (D)
  A siren (D)
  A gargoyle (D)
  4 demonic crawlers (D)
  2 kobold demonologists (D)
  A hellwing (D)
  2 hornets (D)
  A slime creature (D)
  Sigmund (D)
  13 hogs (D)
  2 redbacks (D)
  A yak (D)
  7 floating eyes (D)
  7 necrophages (D)
  An ogre (D)
  8 jellies (D)
  Ijyb (D)
  A ball lightning (D)
  4 ballistomycetes (D)
79 creatures vanquished.

Vanquished Creatures (others)
  A siren (D)
  A gargoyle (D)
  3 hornets (D)
  4 ball lightnings (D)
  2 ballistomycete spores (D)
11 creatures vanquished.

Grand Total: 90 creatures vanquished

Notes
Turn   | Place    | Note
-------+----------+-------------------------------------------
     0 | D        | dvd the Minotaur Fighter began the quest for the Orb.
     0 | D        | Reached XP level 1. HP: 19/19 MP: 0/0
     1 | D        | Noticed Ijyb
    22 | D        | Killed Ijyb
    22 | D        | Reached skill level 5 in Fighting
    22 | D        | Reached skill level 5 in Armour
    22 | D        | Reached skill level 5 in Shields
    22 | D        | Reached XP level 2. HP: 28/29 MP: 1/1
    29 | D        | Noticed an ogre
    33 | D        | Killed an ogre
    33 | D        | Reached skill level 5 in Polearms
    33 | D        | Reached skill level 6 in Shields
    33 | D        | Reached XP level 3. HP: 39/39 MP: 2/2
    33 | D        | Reached XP level 4. HP: 47/47 MP: 3/3
    45 | D        | Noticed Sigmund
    52 | D        | Killed Sigmund
    52 | D        | Reached skill level 1 in Dodging
    52 | D        | Reached skill level 8 in Shields
    52 | D        | Reached XP level 5. HP: 49/56 MP: 4/4
    52 | D        | Reached XP level 6. HP: 55/62 MP: 5/5
    98 | D        | Found a deep blue altar of Sif Muna.
   100 | D        | Found a radiant altar of Vehumet.
   132 | D        | Found Kexig's Jewellery Emporium.
   132 | D        | Found an ancient bone altar of Kikubaaqudgha.
   132 | D        | Found a hazy altar of Hepliaklqana.
   132 | D        | Found a stormy altar of Qazlal.
   132 | D        | Found a hide-covered altar of Uskayaw.
   132 | D        | Found a blossoming altar of Fedhas.
   132 | D        | Found a bloodstained altar of Trog.
   132 | D        | Found an iron altar of Okawaru.
   132 | D        | Found a basalt altar of Yredelemnul.
   132 | D        | Found a glowing golden altar of the Shining One.
   132 | D        | Found a snail-covered altar of Cheibriados.
   132 | D        | Found a sacrificial altar of Ru.
   132 | D        | Found a glowing silver altar of Zin.
   132 | D        | Found a shadowy altar of Dithmenos.
   132 | D        | Found a white marble altar of Elyvilon.
   132 | D        | Noticed a yak
   143 | D        | Killed a yak
   143 | D        | Reached skill level 9 in Shields
   144 | D        | Found an opulent altar of Gozag.
   147 | D        | Found a sparkling altar of Nemelex Xobeh.
   151 | D        | Bought an uncursed ring of see invisible for 165 gold pieces
   153 | D        | Became a worshipper of Warmaster Okawaru
   217 | D        | Found a viscous altar of Jiyva.
   217 | D        | Found a corrupted altar of Lugonu.
   217 | D        | Noticed a slime creature
   218 | D        | Found a burning altar of Makhleb.
   218 | D        | Found a shimmering altar of Xom.
   227 | D        | Killed a slime creature
   227 | D        | Reached skill level 10 in Fighting
   227 | D        | Reached skill level 10 in Armour
   227 | D        | Reached XP level 7. HP: 38/73 MP: 6/6
   397 | D        | Noticed a kobold demonologist
   399 | D        | Noticed a kobold demonologist
   407 | D        | Reached skill level 10 in Shields
   412 | D        | Noticed a rust devil
   413 | D        | Noticed an ice devil
   416 | D        | Noticed a red devil
   418 | D        | Killed a kobold demonologist
   418 | D        | Reached * piety under Okawaru
   418 | D        | Reached skill level 10 in Polearms
   424 | D        | Noticed an ice devil
   425 | D        | Killed a kobold demonologist
   425 | D        | Reached XP level 8. HP: 82/82 MP: 7/7
   484 | D        | Noticed Sonja
   495 | D        | Killed Sonja
   495 | D        | Reached ** piety under Okawaru
   495 | D        | Reached *** piety under Okawaru
   495 | D        | Reached skill level 1 in Stealth
   495 | D        | Reached skill level 11 in Shields
   713 | D        | Noticed a deep troll
   721 | D        | Killed a deep troll
   721 | D        | Reached skill level 12 in Shields
   721 | D        | Reached XP level 9. HP: 56/90 MP: 5/8
   732 | D        | Found Qetiarux's Armour Emporium.
   739 | D        | Bought a +3 chain mail of cold resistance for 265 gold pieces
   739 | D        | Bought a +0 pair of boots for 45 gold pieces
   859 | D        | Noticed a centaur warrior
   859 | D        | Noticed a centaur warrior
   873 | D        | Killed a centaur warrior
   873 | D        | Reached **** piety under Okawaru
   873 | D        | Reached skill level 5 in Dodging
   873 | D        | Reached skill level 1 in Invocations
   878 | D        | Killed a centaur warrior
   878 | D        | Reached ***** piety under Okawaru
   878 | D        | Reached skill level 13 in Shields
   878 | D        | Reached skill level 1 in Evocations
   908 | D        | Found Jeost's General Store.
   989 | D        | Bought a +3 trident of piercing for 222 gold pieces
  1014 | D        | Killed a gargoyle
  1124 | D        | Noticed an oklob plant
  1134 | D        | Killed an oklob plant
  1134 | D        | Reached XP level 10. HP: 34/100 MP: 7/10
  1401 | D        | Noticed an unseen horror
  1402 | D        | Noticed an unseen horror
  1407 | D        | Killed an unseen horror
  1407 | D        | Reached skill level 15 in Polearms
  1411 | D        | Killed an unseen horror
  1411 | D        | Received a gift from Okawaru
  1411 | D        | Reached skill level 14 in Shields
  1555 | D        | Got a heavily jewelled robe
  1560 | D        | Found Dograefo's Jewellery Shoppe.
  1560 | D        | Found Jekle's Antique Armour Shop.
  1560 | D        | Found Fangik's Antique Armour Boutique.
  1562 | D        | Found Uzucehy's Weapon Emporium.
  1562 | D        | Found Aqaso's Distillery.
  1562 | D        | Found Dorham's Assorted Antiques.
  1562 | D        | Found Utoegaf's General Store.
  1562 | D        | Found Xeaceph's Food Emporium.
  1562 | D        | Found Kumyqer's Antique Armour Shop.
  1562 | D        | Found Madghemm's General Store.
  1566 | D        | Found Xaroi's Jewellery Boutique.
  1567 | D        | Found Loteot's Assorted Antiques.
  1567 | D        | Found Zaruseus's Magic Scroll Boutique.
  1568 | D        | Found Wezxoasoa's Weapon Emporium.
  1591 | D        | Bought a glowing cloak for 241 gold pieces
  1591 | D        | Bought a pair of glowing gloves for 241 gold pieces
  1625 | D        | Bought the amulet of Monnouff {Regen+ Dex+4} for 544 gold pieces
  1643 | D        | Bought a bread ration for 50 gold pieces
  1643 | D        | Bought a meat ration for 50 gold pieces
  1797 | D        | Noticed a gargoyle
  1806 | D        | Killed a gargoyle
  1806 | D        | Reached skill level 15 in Shields
  1806 | D        | Reached XP level 11. HP: 93/108 MP: 12/12
  1844 | D        | Noticed a lindwurm
  1854 | D        | Killed a lindwurm
  1956 | D        | Reached skill level 16 in Shields
  1980 | D        | Noticed a 12-headed hydra
  1981 | D        | Paralysed by a floating eye for 4 turns
  1995 | D        | Killed a 12-headed hydra
  1995 | D        | Received a gift from Okawaru
  2148 | D        | Noticed a lorocyproca
  2183 | D        | Noticed a shining eye
  2183 | D        | Noticed a shining eye
  2183 | D        | Noticed a shining eye
  2184 | D        | Paralysed by a floating eye for 3 turns
  2195 | D        | Killed a shining eye
  2195 | D        | Reached skill level 17 in Shields
  2200 | D        | Killed a shining eye
  2200 | D        | Reached skill level 15 in Fighting
  2204 | D        | Noticed a shining eye
  2205 | D        | Killed a shining eye
  2207 | D        | Noticed a shining eye
  2207 | D        | Noticed a shining eye
  2207 | D        | Gained mutation: You have sharp toenails. [a shining eye]
  2207 | D        | Gained mutation: You expend magic power (3 MP) to strengthen your wands. [a shining eye]
  2208 | D        | Gained mutation: You tend to lose your temper in combat. [a shining eye]
  2219 | D        | Killed a shining eye
  2219 | D        | Reached skill level 15 in Armour
  2223 | D        | Killed a shining eye
  2229 | D        | Killed a shining eye
  2229 | D        | Reached skill level 5 in Invocations
  2232 | D        | Noticed a shining eye
  2232 | D        | Noticed a shining eye
  2242 | D        | Killed a shining eye
  2242 | D        | Reached ****** piety under Okawaru
  2244 | D        | Gained mutation: Your system is resistant to poisons. (rPois) [a shining eye]
  2248 | D        | Gained mutation: Scrolls take you a little longer to read. [a shining eye]
  2249 | D        | Killed a shining eye
  2249 | D        | Reached skill level 18 in Shields
  2263 | D        | Found Giro's Weapon Shoppe.
  2263 | D        | Found Dimpoll's Weapon Shop.
  2263 | D        | Found Teywoeroma's Assorted Antiques.
  2263 | D        | Found Ixonani's Assorted Antiques.
  2354 | D        | Bought the +3 hat of Pondering {ponderous, MR+ MP+10 Int+5} for 171 gold pieces
  2482 | D        | Killed a lorocyproca
  2502 | D        | Noticed a daeva
  2516 | D        | Noticed a deep elf annihilator
  2531 | D        | Reached XP level 12. HP: 122/122 MP: 15/15
  2556 | D        | Killed a deep elf annihilator
  2611 | D        | Noticed a mummy priest
  2835 | D        | Killed a mummy priest
  2835 | D        | Received a gift from Okawaru
  2854 | D        | Noticed Lom Lobon
  2927 | D        | Killed from afar by Lom Lobon

Skill      XL: |  1  2  3  4  5  6  7  8  9 10 11 12 |
---------------+-------------------------------------+-----
Fighting       | 5 7 8 10 11 12 13 15 16 | 16.4
Polearms       | 3 5 6 8 10 12 14 16 17 | 17.7
Armour         | 5 6 8 10 11 12 13 14 15 | 15.4
Shields        | 5 6 8 9 10 12 13 15 18 | 18.9
Dodging        | 1 2 3 4 5 7 9 |  9.5
Stealth        | 1 2 |  2.9
Invocations    | 2 3 5 6 |  6.2
Evocations     | 1 |  1.8

Action                   |  1- 3 |  4- 6 |  7- 9 | 10-12 || total
-------------------------+-------+-------+-------+-------++-------
Melee: Trident           |    25 |    28 |    74 |   289 ||   416
       Headbutt          |     5 |     8 |    22 |    71 ||   106
Invok: Heroism           |       |       |     5 |    11 ||    16
       Finesse           |       |       |       |     2 ||     2
Evoke: Wand              |       |       |     2 |       ||     2
  Use: Potion            |       |       |     1 |     5 ||     6
       Scroll            |       |       |     1 |     4 ||     5
  Eat: Chunk             |       |       |     1 |     1 ||     2
       Bread ration      |       |       |       |     1 ||     1
Armor: Scale mail        |    10 |     1 |    10 |       ||    21
       Chain mail        |       |       |     5 |    87 ||    92
       Plate armour      |       |       |       |    15 ||    15
Dodge: Dodged            |    10 |     5 |     9 |    66 ||    90
Block: Shield            |     5 |     7 |    28 |    16 ||    56
       Large shield      |       |       |       |   147 ||   147
